 Dungeon Crawl Stone Soup version 0.29-a0-294-g83ea962da3 (console) character file.

Game seed: 8511614383712312148

11 Ignak the Magician (level 2, 0/20 HPs)
             Began as a Gnoll Hedge Wizard on Mar 18, 2022.
             Succumbed to an adder's poison
             ... on level 1 of the Dungeon.
             The game lasted 00:02:12 (763 turns).

Ignak the Magician (Gnoll Hedge Wizard)              Turns: 763, Time: 00:02:13

Health: 0/20       AC:  2    Str:  9    XL:     2   Next: 29%
Magic:  7/10       EV: 13    Int: 13    God:
Gold:   28         SH:  0    Dex: 11    Spells: 12/15 levels left

rFire   . . .      SeeInvis .   f - +0 falchion
rCold   . . .      Faith    .   (no shield)
rNeg    . . .      Spirit   .   b - +0 robe
rPois   .          Reflect  .   c - +0 hat
rElec   .          Harm     .   (no cloak)
rCorr   .          Rampage  .   (no gloves)
Will    .....                   (no boots)
Stlth   ++........              e - amulet of the acrobat
HPRegen 0.06/turn               (no ring)
MPRegen 0.12/turn               (no ring)

@: lethally poisoned (0 -> -5)
A: fangs 1, strong nose, distributed training
a: no special abilities


You were on level 1 of the Dungeon.
You visited 1 branch of the dungeon, and saw 2 of its levels.

You collected 28 gold pieces.

Inventory:

Hand Weapons
 a - a +0 dagger
 f - a +0 falchion (weapon)
Armour
 b - a +0 robe (worn)
 c - a +0 hat (worn)
 i - a +0 leather armour
Jewellery
 e - an amulet of the acrobat (around neck)
Scrolls
 g - 2 scrolls of blinking {unknown}
 h - 2 scrolls of silence {unknown}
 j - a scroll of immolation {unknown}
 k - a scroll of fear {unknown}
 l - a scroll of identify {unknown}
Potions
 d - a potion of magic


   Skills:
 + Level 0.3 Fighting
 + Level 0.3 Short Blades
 + Level 0.3 Long Blades
 + Level 0.3 Axes
 + Level 0.3 Maces & Flails
 + Level 0.3 Polearms
 + Level 0.3 Staves
 + Level 0.3 Slings
 + Level 0.3 Bows
 + Level 0.3 Crossbows
 + Level 0.3 Throwing
 + Level 0.3 Armour
 + Level 4.4 Dodging
 + Level 4.0 Stealth
 + Level 0.3 Shields
 + Level 0.3 Unarmed Combat
 + Level 7.1 Spellcasting
 + Level 2.0 Conjurations
 + Level 0.2 Hexes
 + Level 2.0 Summonings
 + Level 0.2 Necromancy
 + Level 2.0 Translocations
 + Level 0.2 Transmutations
 + Level 0.2 Fire Magic
 + Level 0.2 Ice Magic
 + Level 0.2 Air Magic
 + Level 0.2 Earth Magic
 + Level 0.2 Poison Magic
 + Level 0.4 Invocations
 + Level 0.3 Evocations


You had 12 spell levels left.
You knew the following spells:

 Your Spells              Type           Power      Damage    Failure   Level
a - Magic Dart            Conj           36%        1d4       7%          1
e - Call Imp              Summ           9%         N/A       10%         2

Your spell library contained the following spells:

 Spells                   Type           Power      Damage    Failure   Level
 Blink                    Tloc           18%        N/A       10%         2
 Slow                     Hex            20%        N/A       14%         1
 Conjure Flame            Conj/Fire      7%         6-21      28%         3
 Mephitic Cloud           Conj/Pois/Air  6%         N/A       32%         3


Dungeon Overview and Level Annotations

Branches:
Dungeon (2/15)

Altars:


Innate Abilities, Weirdness & Mutations

You have very sharp teeth.
Your uncanny sense of smell can sniff out nearby items.
Your experience applies equally to all skills.


Message History

There is a stone staircase leading down here.
Casting: Call Imp (safe; 10% risk of failure)
Confirm with . or Enter, or press ? or * to list all spells.
A beastly little devil appears in a puff of flame.
Your crimson imp says, "I'm here!"
The adder misses you.
You barely miss the adder. The adder bites you.
You are poisoned.
The adder poisons you! The adder barely misses you.
Your crimson imp closely misses the adder.
You barely miss the adder.
You feel sick. The adder bites you.
You are more poisoned.
The adder poisons you!
Your crimson imp hits the adder.
The adder closely misses your crimson imp.
You barely miss the adder. Your bite misses the adder.
The adder is lightly wounded.
You feel sick. The adder bites you but does no damage.
Your crimson imp blinks!
Casting: Call Imp (safe; 10% risk of failure)
Confirm with . or Enter, or press ? or * to list all spells.
A beastly little devil appears in a puff of frigid air.
You feel sick. The adder barely misses you. The adder completely misses you.
What are your orders? t - Bark!
Orders for allies: a - Attack new target. r - Retreat! s - Stop attacking. g - Guard the area. f - Follow me.
Anything else - Cancel.
Gang up on whom?
Press: ? - help, Dir - move target, f - adder
Aim: an adder (lightly wounded, ally target) Attack!
* * * LOW HITPOINT WARNING * * *
You feel sick. The adder bites you.
* * * LOW HITPOINT WARNING * * *
Your white imp gestures at the adder.
The puff of frost hits the adder!
You completely miss the adder. You bite the adder, but do no damage.
The adder is severely wounded.
You die...

#..# #.##### ##.# ###.##### .#.##
##........ ##..# ###..#......
....# ###...########
#...################........#####
...............5.......#######...
#.##############..........# #..<
#.# ###@S........# #...
#.######## #............# ####
#........## #.##.........#
..........####.##.........#
...........##..#..........#
#..........#..##..........#
#............##..#####.####
#..........####.## #.## ###
#...........###.# #..# ###..


You could see an adder (ally target) and a friendly white imp (summoned).

Vanquished Creatures
  3 bats (D:1)
  3 goblins (D:1)
  A hobgoblin (D:1)
  A ball python (D:1)
  A kobold (D:1)
  2 rats (D:1)
11 creatures vanquished.

Vanquished Creatures (collateral kills)
  A frilled lizard (D:1)
1 creature vanquished.

Grand Total: 12 creatures vanquished

Notes
Turn   | Place    | Note
-------+----------+-------------------------------------------
     0 | D:1      | Ignak the Gnoll Hedge Wizard began the quest for the Orb.
     0 | D:1      | Reached XP level 1. HP: 13/13 MP: 8/8
   156 | D:1      | Found a faded altar of an unknown god.
   295 | D:1      | Reached XP level 2. HP: 17/19 MP: 10/10
   349 | D:1      | Learned a level 2 spell: Call Imp
   763 | D:1      | Succumbed to an adder's poison

Illustrated notes

Levels and vault maps discovered:
D:1:      dpeg_arrival_rooms_a, layout_rooms, ebering_ecumenical_altar_hall,
          minmay_misc_feat_secret_circle, minmay_bisected
D:2:      layout_loops_corners, uniq_sigmund

Skill      XL: |  1 |
---------------+----+-----
Conjurations   | 2 |  2.0
Summonings     | 2 |  2.0
Translocations | 2 |  2.0
Fighting       | |  0.3
Short Blades   | |  0.3
Long Blades    | |  0.3
Axes           | |  0.3
Maces & Flails | |  0.3
Polearms       | |  0.3
Staves         | |  0.3
Slings         | |  0.3
Bows           | |  0.3
Crossbows      | |  0.3
Throwing       | |  0.3
Armour         | |  0.3
Dodging        | |  4.4
Stealth        | |  4.0
Shields        | |  0.3
Unarmed Combat | |  0.3
Spellcasting   | |  7.1
Hexes          | |  0.2
Necromancy     | |  0.2
Transmutations | |  0.2
Fire Magic     | |  0.2
Ice Magic      | |  0.2
Air Magic      | |  0.2
Earth Magic    | |  0.2
Poison Magic   | |  0.2
Invocations    | |  0.4
Evocations     | |  0.3

Action                   || total
-------------------------++-------
Melee: Falchion          ||    14
       Bite              ||     4
 Cast: Magic Dart        ||    18
       Call Imp          ||     6
  Use: Potion            ||     2
Armor: Robe              ||     4
Dodge: Dodged            ||    38

Table legend: (Time is in decaauts)
 A = Elapsed time spent in this place.
 B = Non-inter-level travel time spent in this place.
 C = Inter-level travel time spent in this place.
 D = Time resting spent in this place.
 E = Time spent auto-exploring this place.
 F = Levels seen in this place.
 G = Mean time per level.
                   A        B        C        D        E       F      G
               +--------+--------+--------+--------+--------+-----+--------+
         Total |    767 |    747 |     20 |      0 |    436 |   2 |  383.5 |
       Dungeon |    767 |    747 |     20 |      0 |    436 |   2 |  383.5 |
               +--------+--------+--------+--------+--------+-----+--------+

Top non-repeatable levels by time:
     D:1: 746 daAuts
     D:2: 21 daAuts
